 Dungeon Crawl Stone Soup version 0.27-a0-1196-g3e9cee4cb2 (webtiles) character file.

Game seed: 3255120925880196534

46 funkygono the Firebug (level 3, -2/19 HPs)
             Began as a Gargoyle Fire Elementalist on May 29, 2021.
             Slain by Robin
             ... wielding a +0 spear
              (7 damage)
             ... on level 2 of the Dungeon.
             The game lasted 00:03:29 (1515 turns).

funkygono the Firebug (Gargoyle Fire Elementalist)  Turns: 1515, Time: 00:03:30

Health: -2/19      AC:  6    Str: 11    XL:     3   Next: 68%
Magic:  2/6        EV: 12    Int: 16    God:
Gold:   57         SH:  0    Dex: 10    Spells: 5/6 levels left

rFire    . . .     SeeInvis .   h - +1 whip (elec)
rCold    . . .     Faith    .   (no shield)
rNeg     + . .     Spirit   .   a - +0 robe
rPois    ∞         Reflect  .   (no helmet)
rElec    +         Harm     .   n - +0 cloak
rCorr    .         Rampage  .   (no gloves)
Will     .....                  (no boots)
Stlth    ++........             (no amulet)
HPRegen  0.06/turn              (no ring)
MPRegen  0.10/turn              (no ring)

@: no status effects
A: sickness immunity, AC +3, negative energy resistance 1, electricity
resistance, torment resistance 1, petrification resistance
a: no special abilities


You were on level 2 of the Dungeon.
You visited 1 branch of the dungeon, and saw 2 of its levels.

You collected 57 gold pieces.

Inventory:

Hand Weapons
 h - a +1 whip of electrocution (weapon)
 j - a +0 whip
Missiles
 e - 58 stones
Armour
 a - a +0 robe (worn)
 l - a +0 ring mail
 n - a +0 cloak (worn)
Potions
 b - a potion of resistance
 c - a potion of haste {unknown}
 f - a potion of brilliance {unknown}
 g - a potion of curing {unknown}
 i - a potion of lignification {unknown}
 k - a potion of berserk rage {unknown}
 o - a potion of cancellation {unknown}


   Skills:
 + Level 0.1 Maces & Flails
 + Level 1.6 Dodging
 - Level 2.1 Stealth
 * Level 2.3 Spellcasting
 * Level 2.0 Conjurations
 * Level 3.9 Fire Magic


You had 5 spell levels left.
You knew the following spells:

 Your Spells              Type           Power      Damage    Failure   Level
a - Foxfire               Conj/Fire      44%        2x1d6     6%          1

Your spell library contained the following spells:

 Spells                   Type           Power      Damage    Failure   Level
 Conjure Flame            Conj/Fire      11%        6-21      19%         3
 Inner Flame              Hex/Fire       8%         N/A       26%         3
 Sticky Flame             Conj/Fire      11%        2d3       52%         4
 Fireball                 Conj/Fire      5%         3d5       86%         5


Dungeon Overview and Level Annotations

Branches:
Dungeon (2/15)

Altars:

Shops:
D:1 (

Annotations:
D:2 Robin


Innate Abilities, Weirdness & Mutations

You are immune to sickness and miasma.
Your stone body is resilient. (AC +3)
You are immune to poison.
You resist negative energy. (rN+)
You are resistant to electric shocks. (rElec)
You are resistant to unholy torment.
You are immune to petrification.


Message History

Robin throws the goblin at you!
Things that are here:
a +0 dagger; a +0 hunting sling; 17 stones Robin's bangles clink loudly.
You barely miss the goblin. The goblin hits you with a +0 club.
Robin throws the goblin at you!
You hit the goblin.
You kill the goblin!
The goblin hits you with a +0 dagger.
Your Conjurations skill increases to level 2!
You hit the goblin.
You kill the goblin!
The goblin hits you with a +0 dagger. Robin misses you.
Things that are here:
a +0 dagger; a +0 club; a goblin corpse You barely miss Robin.
Robin is moderately wounded.
The goblin hits you with a +0 dagger. Robin barely misses you.
You hit the goblin.
You kill the goblin!
Robin misses you. Robin hits you but does no damage.
You see here a +0 dagger.
Robin hits you but does no damage.
Things that are here:
a +0 dagger; a +0 club; a goblin corpse You barely miss Robin.
Robin is moderately wounded.
Robin closely misses you.
You hit Robin.
Robin is heavily wounded.
Robin misses you.
You closely miss Robin.
Robin is heavily wounded.
Robin says, "My goblins will feast on your bones."
Robin hits you with a +0 spear.
* * * LOW HITPOINT WARNING * * *
Robin hits you with a +0 spear!
You die...

#.....>...#
#......g... ##
#....))†... ..
#.......... ..
#####.......... ..
........# ..
#######g# .. #g# .#
#@# #)# ###.##
#....# #....# #####
#######....#
....#.##..........#
###.#.......#†##'##
#.#.##.##.#.##.#


You could see Robin and a hobgoblin (strong).

Vanquished Creatures
  A ball python (D:2)
  4 bats (D:1)
  4 endoplasms
  2 giant cockroaches (D:1)
  9 goblins
  7 hobgoblins
  A jackal (D:1)
  2 quokkas (D:1)
  2 frilled lizards (D:1)
  3 kobolds
  2 rats
37 creatures vanquished.

Vanquished Creatures (others)
  88 foxfires
88 creatures vanquished.

Grand Total: 125 creatures vanquished

Notes
Turn   | Place    | Note
-------+----------+-------------------------------------------
     0 | D:1      | funkygono the Gargoyle Fire Elementalist began the quest
                  | for the Orb.
     0 | D:1      | Reached XP level 1. HP: 10/10 MP: 3/3
   176 | D:1      | Reached XP level 2. HP: 7/15 MP: 1/5
   341 | D:1      | Found Dirubb's Weapon Shop.
   862 | D:1      | Reached XP level 3. HP: 19/19 MP: 1/6
  1492 | D:2      | Noticed Robin
  1515 | D:2      | Slain by Robin

Illustrated notes

Levels and vault maps discovered:
D:1:      dpeg_arrival_fog, layout_basic, serial_shops,
          nicolae_shop_window_shopping, hangedman_feature_mirror,
          minmay_hexomino_c4
D:2:      layout_basic, basic_ecumenical_altar, hangedman_decor_lopped,
          uniq_robin

Skill      XL: |  1  2  3 |
---------------+----------+-----
Conjurations   | 2 |  2.0
Maces & Flails | |  0.1
Dodging        | |  1.6
Stealth        | |  2.1
Spellcasting   | |  2.3
Fire Magic     | |  3.9

Action                   || total
-------------------------++-------
Melee: Unarmed           ||    25
       Dagger            ||     1
       Whip              ||    20
 Cast: Foxfire           ||    50
  Use: Scroll            ||     5
Armor: Robe              ||    29
Dodge: Dodged            ||    43

Table legend: (Time is in decaauts)
 A = Elapsed time spent in this place.
 B = Non-inter-level travel time spent in this place.
 C = Inter-level travel time spent in this place.
 D = Time resting spent in this place.
 E = Time spent auto-exploring this place.
 F = Levels seen in this place.
 G = Mean time per level.
                   A        B        C        D        E       F      G
               +--------+--------+--------+--------+--------+-----+--------+
         Total |   1515 |   1508 |      7 |    206 |   1003 |   2 |  757.5 |
       Dungeon |   1515 |   1508 |      7 |    206 |   1003 |   2 |  757.5 |
               +--------+--------+--------+--------+--------+-----+--------+

Top non-repeatable levels by time:
     D:1: 1212 daAuts
     D:2: 303 daAuts
